 Dungeon Crawl Stone Soup version 0.18-a0-1639-g7533f42 (webtiles) character file.

533 namelastname112 the Martial Artist (level 7, 13/57 HPs)
             Began as a White Draconian Monk on Mar 27, 2016.
             Quit the game on level 4 of the Dungeon.
             The game lasted 00:04:13 (2714 turns).

namelastname112 the Martial Artist (DrMo)           Turns: 2714, Time: 00:04:13

Health: 13/57      AC:  8    Str: 14    XL:     7   Next: 4%
Magic:  7/7        EV: 13    Int: 10    God:
Gold:   152        SH:  0    Dex: 15    Spells: 0 memorised, 6 levels left

rFire  . . .     SeeInvis .       - Unarmed
rCold  + . .     Gourm    .     (armour unavailable)
rNeg   . . .     Faith    .     (no shield)
rPois  +         Spirit   .     (helmet restricted)
rElec  .         Dismiss  .     b - +1 cloak
rCorr  .         Reflect  .     (no gloves)
SustAt .         Harm     .     (no boots)
MR     .....                    r - amulet of inaccuracy (curse)
Stlth  +++.......               (no ring)
                                p - ring of stealth

@: exhausted, slowed, very slow, not resistant to hostile enchantments, fairly
stealthy
A: breathe frost, unfitting armour, horns 1, cold resistance 1, mutation
resistance 1, sense surroundings 1, poison resistance, no device heal 1,
cold-blooded, AC +6
a: Breathe Frost


You were on level 4 of the Dungeon.
You were hungry.

You visited 1 branch of the dungeon, and saw 4 of its levels.

You collected 152 gold pieces.

Inventory:

Armour
 b - a +1 cloak (worn)
Jewellery
 p - a ring of stealth (left hand)
 r - a cursed amulet of inaccuracy (around neck)
Wands
 t - a wand of lightning (0/15)
Scrolls
 c - a scroll of amnesia {unknown}
 d - a scroll of noise {unknown}
 f - a scroll of fear {unknown}
 g - 2 scrolls of magic mapping {unknown}
 n - 2 scrolls of enchant weapon {unknown}
 o - a scroll of remove curse {unknown}
 s - a scroll of identify {unknown}
Potions
 l - a potion of resistance {unknown}
 m - a potion of flight {unknown}
Comestibles
 a - a bread ration
 h - a chunk of flesh
 j - 4 meat rations
 k - a beef jerky


   Skills:
 - Level 3.2 Fighting
 - Level 2.6 Dodging
 - Level 1.7 Stealth
 + Level 8.5 Unarmed Combat


You had 6 spell levels left.
You didn't know any spells.

Dungeon Overview and Level Annotations

Branches:
Dungeon (4/15)
 Temple: D:4-7

Altars:
Trog


Innate Abilities, Weirdness & Mutations

You can breathe waves of freezing cold.
You can buffet flying creatures when you breathe cold.
Your icy white scales are hard (AC +6).
Your body does not fit into most forms of armour.
Your flesh is cold resistant.
You are cold-blooded and may be slowed by cold attacks.
You have a pair of small horns on your head.
You are somewhat resistant to further mutation.
You passively map a small area around you.
Your system is resistant to poisons.
Potions and wands are less effective at restoring your health.


Message History

Edmund closely misses you.
You hit Edmund. You headbutt Edmund!
Edmund is almost dead.
You punch Edmund!
You kill Edmund!
You have reached level 7!
Your scales start taking on an icy white colour.
You learn Fire Magic much slower.
You learn Ice Magic much quicker.
You can breathe waves of freezing cold.
You can buffet flying creatures when you breathe cold.
You feel resistant to cold.
Things that are here:
a dire flail; a ring mail You start resting.
You feel a strong urge to attack something.
You feel your anger subside.
You are no longer berserk.
You are exhausted.
You feel yourself slow down.
You are feeling hungry.
Are you sure you want to abandon this character and quit the game? (Confirm with "yes".)

,,, # . .# #####
.## , ... .... ..#
.....*#.. *#.#
.....##.. #.#
......... #.# ....
#... ##.# .....#...
#.@# ......... #.##
###.>... #.# #.....
#.# #.....
#.############.....
#..).....##.#######
#......#.#.#.######
##.#...#..#........
#.##........######


There were no monsters in sight!

Vanquished Creatures
  Edmund (D:4)
  A phantom (D:4)
  A crimson imp (D:4)
  A giant frog skeleton (D:4)
  An iguana (D:4)
  Ijyb (D:2)
  A worker ant (D:4)
  A hound skeleton (D:4)
  7 gnolls (D:2)
  5 adders
  3 worms
  2 dart slugs
  3 giant geckos
  4 orcs (D:4)
  6 goblins
  4 hobgoblins
  3 jackals (D:1)
  3 quokkas
  5 bats (D:1)
  3 kobolds (D:2)
  4 rats
60 creatures vanquished.

Notes
Turn   | Place    | Note
--------------------------------------------------------------
     0 | D:1      | namelastname112 the Draconian Monk began the quest for the Orb.
     0 | D:1      | Reached XP level 1. HP: 19/19 MP: 1/1
   160 | D:1      | Reached XP level 2. HP: 26/26 MP: 2/2
   581 | D:2      | Reached skill level 5 in Unarmed Combat
   581 | D:2      | Reached XP level 3. HP: 31/31 MP: 3/3
   584 | D:2      | Noticed Ijyb
   606 | D:2      | Killed Ijyb
   701 | D:2      | Reached XP level 4. HP: 24/38 MP: 4/4
   814 | D:2      | Reached skill level 6 in Unarmed Combat
  1180 | D:2      | Reached XP level 5. HP: 30/45 MP: 5/5
  2260 | D:3      | Found a bloodstained altar of Trog.
  2434 | D:4      | Reached skill level 7 in Unarmed Combat
  2469 | D:4      | Noticed a phantom
  2507 | D:4      | Gained mutation: You have a pair of small horns on your head. [potion of mutation]
  2507 | D:4      | Gained mutation: Potions and wands are less effective at restoring your health. [potion of mutation]
  2509 | D:4      | Gained mutation: You passively map a small area around you. [potion of mutation]
  2509 | D:4      | Gained mutation: Your system is resistant to poisons. [potion of mutation]
  2509 | D:4      | Gained mutation: You are somewhat resistant to further mutation. [potion of mutation]
  2534 | D:4      | HP: 2/45 [poisoned by an adder]
  2535 | D:4      | Killed a phantom
  2535 | D:4      | Reached XP level 6. HP: 2/51 MP: 6/6
  2543 | D:4      | HP: 2/51 [poisoned by an adder]
  2680 | D:4      | Reached skill level 8 in Unarmed Combat
  2694 | D:4      | Noticed Edmund
  2705 | D:4      | Killed Edmund
  2705 | D:4      | Your scales start taking on an icy white colour.
  2705 | D:4      | Reached XP level 7. HP: 17/57 MP: 7/7
  2705 | D:4      | Gained mutation: Your flesh is cold resistant. [White Draconian growth]
  2714 | D:4      | Quit the game

Vault maps used:
D:1:      sevenhm_arrival_forest_fort_small_3
D:2:      uniq_iyjb
D:3:      lemuel_coloured_pillars_altar
D:4:      temple_hall, gup_sewer_entry_glass, serial_shops, shop,
          hangedman_decor_opposing, uniq_edmund

Skill      XL: |  1  2  3  4  5  6 |
---------------+-------------------+-----
Unarmed Combat | 5 6 7 8 |  8.5
Fighting       | |  3.2
Dodging        | |  2.6
Stealth        | |  1.7

Action                   |  1- 3 |  4- 6 |  7- 9 || total
-------------------------+-------+-------+-------++-------
Melee: Unarmed           |    84 |   217 |       ||   301
Evoke: Wand              |       |     2 |       ||     2
  Use: Potion            |       |     5 |       ||     5
 Stab: Sleeping          |     2 |     4 |       ||     6
  Eat: Chunk             |       |     6 |       ||     6
